 Dungeon Crawl Stone Soup version 0.23.1 (webtiles) character file.

Game seed: 8801716999618225945

307 Chiseanne the Cleaver (level 6, -4/47 HPs)
             Began as a Gnoll Wanderer on Mar 7, 2019.
             Was a Follower of Sif Muna.
             Slain by a wraith (9 damage)
             ... in an ossuary.
             The game lasted 00:10:27 (2893 turns).

Chiseanne the Cleaver (Gnoll Wanderer)              Turns: 2893, Time: 00:10:28

Health: -4/47      AC:  7    Str: 14    XL:     6   Next: 40%
Magic:  8/8        EV: 10    Int: 19    God:    Sif Muna [*.....]
Gold:   107        SH:  0    Dex: 12    Spells: 7/8 levels left

rFire    . . .     SeeInvis .   a - +2 hand axe
rCold    + . .     Gourm    .   (no shield)
rNeg     . . .     Faith    .   p - +1 ring mail {rC+}
rPois    .         Spirit   .   i - +0 helmet
rElec    .         Reflect  .   (no cloak)
rCorr    .         Harm     .   (no gloves)
MR       .....                  (no boots)
Stlth    +.........             (no amulet)
HPRegen  0.15/turn              (no ring)
MPRegen  0.11/turn              (no ring)

@: about to teleport, slowed, drained, very slow
A: distributed training, fangs 1, strong nose
a: Divine Energy, Renounce Religion


You were in an ossuary.
You worshipped Sif Muna.
Sif Muna was aware of your devotion.
You were hungry.

You visited 1 branch of the dungeon, and saw 4 of its levels.
You also visited: Ossuary.

You collected 107 gold pieces.

Inventory:

Hand Weapons
 a - a +2 hand axe (weapon)
 k - a cursed +2 scimitar
Missiles
 f - 29 poisoned needles
 h - 62 arrows
 j - 59 stones (quivered)
Armour
 i - a +0 helmet (worn)
 p - a +1 ring mail of cold resistance (worn)
Wands
 n - a wand of digging (12)
Scrolls
 c - 2 scrolls of teleportation
 e - 2 scrolls of remove curse
 m - 2 scrolls of immolation
 s - 4 scrolls of identify
 t - a scroll of summoning {unknown}
Potions
 b - a potion of degeneration {unknown}
 g - 2 potions of mutation {unknown}
 l - 2 potions of curing {unknown}
 o - a potion of invisibility {unknown}
 q - a potion of magic {unknown}
 r - a potion of resistance {unknown}
Comestibles
 d - 10 rations


   Skills:
 + Level 3.2(2.4) Fighting
 + Level 1.9(1.1) Short Blades
 + Level 1.9(1.1) Long Blades
 + Level 12.1(11.1) Axes
 + Level 1.9(1.1) Maces & Flails
 + Level 1.9(1.1) Polearms
 + Level 1.9(1.1) Staves
 + Level 1.9(1.1) Slings
 + Level 1.9(1.1) Bows
 + Level 1.9(1.1) Crossbows
 + Level 3.2(2.4) Throwing
 + Level 3.2(2.4) Armour
 + Level 1.9(1.1) Dodging
 + Level 1.9(1.1) Stealth
 + Level 1.9(1.1) Shields
 + Level 1.9(1.1) Unarmed Combat
 + Level 1.9(1.1) Spellcasting
 + Level 1.5(0.7) Conjurations
 + Level 1.5(0.7) Hexes
 + Level 1.5(0.7) Charms
 + Level 1.5(0.7) Summonings
 + Level 1.5(0.7) Necromancy
 + Level 1.5(0.7) Translocations
 + Level 1.5(0.7) Transmutations
 + Level 1.5(0.7) Fire Magic
 + Level 1.5(0.7) Ice Magic
 + Level 1.5(0.7) Air Magic
 + Level 1.5(0.7) Earth Magic
 + Level 1.5(0.7) Poison Magic
 + Level 2.1(1.3) Invocations
 + Level 3.2(2.4) Evocations


You had 7 spell levels left.
You knew the following spells:

 Your Spells              Type           Power        Failure   Level  Hunger
a - Animate Skeleton      Necr           N/A          26%         1    ##.....

Your spell library contained the following spells:

 Spells                   Type           Power        Failure   Level  Hunger
 Pain                     Necr           #...         26%         1    ##.....
 Regeneration             Chrm/Necr      #.........   63%         3    ####...
 Vampiric Draining        Necr           #.........   63%         3    ####...
 Animate Dead             Necr           N/A          95%         4    #####..


Dungeon Overview and Level Annotations

Branches:
Dungeon (4/15)
 Temple: D:4-7

Altars:
Sif Muna


Innate Abilities, Weirdness & Mutations

Your experience applies equally to all skills.
You have very sharp teeth.
Your uncanny sense of smell can sniff out nearby items.


Message History

You hit the wraith but do no damage.
The wraith is lightly damaged.
The wraith hits you!
* * * LOW HITPOINT WARNING * * *
Wield which item (- for none, * to show all)? (? for menu, Esc to quit)
Okay, then.
The wraith barely misses you. What are your orders? t - Bark!
Orders for allies: a - Attack new target. r - Retreat! s - Stop attacking. g - Guard the area. f - Follow me.
Anything else - Cancel.
Okay, then.
Okay, then.
Okay, then.
As you read the scroll of teleportation, it crumbles to dust.
You feel strangely unstable. The wraith barely misses you. The wraith hits you!
You die...

#################
#............ ..#
#.'##..###..# +.#
#W#.#..#z#..# #.#
#@###..###..###.#
#...............#
#.###.......###.##
#.#z#.......# #.'.
#.###.......###.##
#...............#
#.###..###..###.#
#.#.#..#z#..# #.#
#.)##..###..##+.#


You could see a wraith.

Vanquished Creatures
  An ogre (D:3)
  2 wights (Ossuary)
  2 gnolls (D:1)
  5 adders
  An ooze (D:3)
  2 adder zombies (Ossuary)
  2 worms (D:2)
  A dart slug (D:2)
  3 leopard geckos
  4 orcs (D:3)
  10 bats
  3 giant cockroaches
  9 goblins
  4 hobgoblins
  3 quokkas
  A ball python (D:3)
  A frilled lizard (D:2)
  3 kobolds
  3 kobold zombies (Ossuary)
  An orc skeleton (Ossuary)
  2 orc zombies (Ossuary)
  5 rats
68 creatures vanquished.

Vanquished Creatures (collateral kills)
  An ooze (D:4)
  A leopard gecko (D:3)
  A quokka (D:3)
  2 bats (D:3)
  A rat (D:3)
6 creatures vanquished.

Grand Total: 74 creatures vanquished

Notes
Turn   | Place    | Note
-------+----------+-------------------------------------------
     0 | D:1      | Reached skill level 12 in Axes
     0 | D:1      | Chiseanne the Gnoll Wanderer began the quest for the Orb.
     0 | D:1      | Chiseanne set off with the following items: a +2 hand axe,
                  | a +0 ring mail, a scroll of teleportation, a ration
     0 | D:1      | Reached XP level 1. HP: 17/17 MP: 2/2
    78 | D:1      | Reached XP level 2. HP: 18/23 MP: 3/3
   152 | D:1      | Reached XP level 3. HP: 20/28 MP: 4/4
   812 | D:2      | Reached skill level 1 in Invocations
   921 | D:2      | Reached skill level 1 in Short Blades
   921 | D:2      | Reached skill level 1 in Long Blades
   921 | D:2      | Reached skill level 1 in Maces & Flails
   921 | D:2      | Reached skill level 1 in Polearms
   921 | D:2      | Reached skill level 1 in Staves
   921 | D:2      | Reached skill level 1 in Slings
   921 | D:2      | Reached skill level 1 in Bows
   921 | D:2      | Reached skill level 1 in Crossbows
   921 | D:2      | Reached skill level 1 in Dodging
   921 | D:2      | Reached skill level 1 in Stealth
   921 | D:2      | Reached skill level 1 in Shields
   921 | D:2      | Reached skill level 1 in Unarmed Combat
   921 | D:2      | Reached skill level 1 in Spellcasting
   921 | D:2      | Reached XP level 4. HP: 28/34 MP: 4/6
  1119 | D:2      | Found a faded altar of an unknown god.
  1130 | D:2      | Became a worshipper of Sif Muna the Loreminder
  1130 | D:2      | Reached * piety under Sif Muna
  1618 | D:3      | Reached skill level 1 in Conjurations
  1618 | D:3      | Reached skill level 1 in Hexes
  1618 | D:3      | Reached skill level 1 in Charms
  1618 | D:3      | Reached skill level 1 in Summonings
  1618 | D:3      | Reached skill level 1 in Necromancy
  1618 | D:3      | Reached skill level 1 in Translocations
  1618 | D:3      | Reached skill level 1 in Transmutations
  1618 | D:3      | Reached skill level 1 in Fire Magic
  1618 | D:3      | Reached skill level 1 in Ice Magic
  1618 | D:3      | Reached skill level 1 in Air Magic
  1618 | D:3      | Reached skill level 1 in Earth Magic
  1618 | D:3      | Reached skill level 1 in Poison Magic
  1672 | D:3      | Learned a level 1 spell: Animate Skeleton
  1824 | D:3      | Noticed an ogre
  1843 | D:3      | Killed an ogre
  1843 | D:3      | Reached XP level 5. HP: 23/41 MP: 7/7
  2394 | D:4      | Found a sand-covered staircase.
  2408 | Ossuary  | Entered an ossuary
  2517 | Ossuary  | Reached XP level 6. HP: 27/47 MP: 8/8
  2719 | Ossuary  | Noticed a flying skull
  2719 | Ossuary  | Noticed a wraith
  2726 | Ossuary  | Noticed a flying skull
  2731 | Ossuary  | Noticed a flying skull
  2753 | Ossuary  | Noticed a flying skull
  2875 | Ossuary  | Noticed a wraith
  2893 | Ossuary  | Slain by a wraith

Skill      XL: |  1  2  3  4  5 |
---------------+----------------+-----
Axes           | | 12.1
Invocations    | 1 2 |  2.1
Short Blades   | 1 |  1.9
Long Blades    | 1 |  1.9
Maces & Flails | 1 |  1.9
Polearms       | 1 |  1.9
Staves         | 1 |  1.9
Slings         | 1 |  1.9
Bows           | 1 |  1.9
Crossbows      | 1 |  1.9
Dodging        | 1 |  1.9
Stealth        | 1 |  1.9
Shields        | 1 |  1.9
Unarmed Combat | 1 |  1.9
Spellcasting   | 1 |  1.9
Conjurations   | 1 |  1.5
Hexes          | 1 |  1.5
Charms         | 1 |  1.5
Summonings     | 1 |  1.5
Necromancy     | 1 |  1.5
Translocations | 1 |  1.5
Transmutations | 1 |  1.5
Fire Magic     | 1 |  1.5
Ice Magic      | 1 |  1.5
Air Magic      | 1 |  1.5
Earth Magic    | 1 |  1.5
Poison Magic   | 1 |  1.5
Fighting       | 3 |  3.2
Throwing       | 3 |  3.2
Armour         | 3 |  3.2
Evocations     | 3 |  3.2

Action                   |  1- 3 |  4- 6 || total
-------------------------+-------+-------++-------
Melee: Hand axe          |    51 |   183 ||   234
       Bite              |     3 |    13 ||    16
 Cast: Animate Skeleton  |       |     9 ||     9
  Use: Scroll            |     4 |     4 ||     8
       Potion            |       |     2 ||     2
  Eat: Chunk             |       |     6 ||     6
Armor: Ring mail         |    16 |    40 ||    56
Dodge: Dodged            |    20 |    89 ||   109
